 Dungeon Crawl Stone Soup version 0.29.0-15-g675c0067aa (webtiles) character file.

Game seed: 11979427139309065977

458114 Godmorgon the Conqueror (level 23, -17/240 HPs)
             Began as a Minotaur Fighter on Sept 9, 2022.
             Was a High Priest of Okawaru.
             Demolished by a deep elf blademaster
             ... wielding a +1 antimagic quick blade
              (19 damage)
             ... on level 4 of the Depths on Sept 11, 2022.
             The game lasted 04:53:40 (67165 turns).

Godmorgon the Conqueror (Minotaur Fighter)         Turns: 67165, Time: 04:53:41

Health: -17/240    AC: 39    Str: 34    XL:     23   Next: 31%
Magic:  0/33       EV: 18    Int: 12    God:    Okawaru [*****.]
Gold:   1826       SH: 33    Dex: 15    Spells: 22/22 levels left

rFire   + . .      SeeInvis +   a - +9 demon whip (venom)
rCold   + . .      Faith    .   q - +6 tower shield {rC+}
rNeg    . . .      Spirit   .   E - +2 plate armour {rC+}
rPois   +          Reflect  +   Y - +2 hat
rElec   .          Harm     .   R - +2 cloak "Uzuegh" {Str+5 Int+3}
rCorr   .          Rampage  .   p - +2 pair of gloves
Will    ++...                   G - +0 pair of boots
Stlth   ..........              k - amulet "Qimaraf" {Reflect rPois Dex+4 SH+5}
HPRegen 0.50/turn               V - ring of Mitsoeh {Fire Will+ Stlth+}
MPRegen 0.23/turn               N - ring "Jymp" {AC+4 SInv}

@: about to teleport, heroic, finesse-ful
A: horns 2, retaliatory headbutt, clever 1
}: 2/15 runes: decaying, gossamer
a: Renounce Religion, Heroism, Finesse, Duel


You were on level 4 of the Depths.
You worshipped Okawaru.
Okawaru was extremely pleased with you.
You visited 8 branches of the dungeon, and saw 39 of its levels.
You visited 1 bazaar.
You also visited: Trove, Gauntlet and Ice Cave.

You collected 5595 gold pieces.
You spent 3769 gold pieces at shops.

Inventory:

Hand Weapons
 a - a +9 demon whip of venom (weapon)
 b - the +5 eveningstar of Watchfulness {holy, *Corrode +Blink rPois Will++}
   (Okawaru gifted it to you on level 2 of the Orcish Mines)

   It has been blessed by the Shining One to cause great damage to the undead
   and demons.
   rPois:     It protects you from poison.
   +Blink:    It lets you blink.
   *Corrode:  It may corrode you when you take damage.
   Will:      It greatly increases your willpower.
 c - a +3 eveningstar of protection
Missiles
 g - 5 curare-tipped darts
 h - 70 poisoned darts
 i - 3 boomerangs of dispersal
 m - 29 boomerangs
 w - a throwing net
 I - 20 javelins (quivered)
 K - 15 atropa-tipped darts
 O - 14 silver javelins
 T - a silver boomerang
Armour
 p - a +2 pair of gloves (worn)
 q - a +6 tower shield of cold resistance (worn)
 E - a +2 plate armour of cold resistance (worn)
 G - a +0 pair of boots (worn)
 P - a scarf of resistance
 R - the +2 cloak "Uzuegh" (worn) {Str+5 Int+3}
   (Okawaru gifted it to you on level 2 of the Lair of Beasts)

   Str:       It affects your strength (+5).
   Int:       It affects your intelligence (+3).
 Y - a +2 hat (worn)
Jewellery
 d - the ring "Onnuzakk" {rN++ Int+4 Dex+4 SInv}
   (You acquired it on level 14 of the Dungeon)

   [ring of see invisible]

   Int:       It affects your intelligence (+4).
   Dex:       It affects your dexterity (+4).
   rN:        It greatly protects you from negative energy.
   SInv:      It lets you see invisible.
 k - the amulet "Qimaraf" (around neck) {Reflect rPois Dex+4 SH+5}
   (You found it in a Gauntlet)

   [amulet of reflection]

   It reflects blocked missile attacks.
   Dex:       It affects your dexterity (+4).
   rPois:     It protects you from poison.
   SH:        It affects your SH (+5).
 M - the ring "Ycown" {+Blink rElec Will+ Dex+3}
   (You bought it in a shop on level 1 of the Vaults)

   [ring of willpower]

   Dex:       It affects your dexterity (+3).
   rElec:     It insulates you from electricity.
   +Blink:    It lets you blink.
   Will:      It increases your willpower.
 N - the ring "Jymp" (right hand) {AC+4 SInv}
   (You bought it in a shop on level 1 of the Vaults)

   [ring of protection]

   AC:        It affects your AC (+4).
   SInv:      It lets you see invisible.
 U - the amulet "Werphof" {rPois Will++ Regen+}
   (You bought it in a shop on level 4 of the Depths)

   [amulet of regeneration]

   rPois:     It protects you from poison.
   Regen:     It increases your rate of health regeneration.
   Will:      It greatly increases your willpower.
 V - the ring of Mitsoeh (left hand) {Fire Will+ Stlth+}
   (You found it on level 3 of the Lair of Beasts)

   [ring of fire]

   It enhances your fire magic.
   rF:        It protects you from fire.
   rC:        It makes you vulnerable to cold.
   Will:      It increases your willpower.
   Stlth:     It makes you more stealthy.
Wands
 o - a wand of roots (30)
 u - a wand of digging (15)
 y - a wand of acid (7)
 X - a wand of mindburst (55)
Scrolls
 e - 8 scrolls of teleportation
 f - 11 scrolls of fear
 l - 8 scrolls of magic mapping
 s - 4 scrolls of enchant weapon
 t - 2 scrolls of poison
 v - a scroll of enchant armour
 B - 6 scrolls of blinking
 D - a scroll of silence
Potions
 j - 6 potions of magic
 n - 11 potions of might
 r - 3 potions of mutation
 x - 3 potions of berserk rage
 A - 6 potions of cancellation
 C - 19 potions of curing
 F - 7 potions of flight
 H - 8 potions of haste
 J - 12 potions of ambrosia
 L - 10 potions of heal wounds
 Q - 3 potions of invisibility
 S - 11 potions of lignification
 W - a potion of resistance
Miscellaneous
 z - a condenser vane


   Skills:
 O Level 27 Fighting
 - Level 14.0(19.0) Maces & Flails
 - Level 11.0(16.0) Ranged Weapons
 + Level 16.2(21.2) Throwing
 * Level 19.7(24.7) Armour
 + Level 15.2(20.2) Dodging
 + Level 15.3(20.3) Shields
 + Level 15.8 Invocations


You had 22 spell levels left.
You didn't know any spells.
Your spell library was empty.

Dungeon Overview and Level Annotations

Branches:
Dungeon (15/15)            Temple (1/1) D:5            Lair (5/5) D:8
  Swamp (4/4) Lair:3       Spider (4/4) Lair:2        Slime (0/5) Lair:4
    Orc (2/2) D:9             Elf (0/3) Orc:2        Vaults (4/5) D:13
  Crypt (0/3) Vaults:2     Depths (4/4) D:15            Zot (0/5) Depths:4
  IceCv (visited)         Gauntlet (visited)

Altars:
Ashenzari
Cheibriados
Dithmenos
Elyvilon
Fedhas
Gozag
Hepliaklqana
Kikubaaqudgha
Makhleb
Nemelex Xobeh
Okawaru
Qazlal
Ru
Sif Muna
Trog
Uskayaw
Vehumet
Wu Jian
Xom
Yredelemnul
Zin
The Shining One
Jiyva

Shops:
D:8 =   D:10 (   Orc:2 !!:[   Vaults:1 =   Depths:4 :=:

Portals:
Hell: Depths:1 Depths:2 Depths:3 Depths:4
Abyss: Depths:3
Pandemonium: Depths:1 Depths:2 Depths:3
Ziggurat: Depths:1

Annotations:
Depths:4 1 transporter, runemasterragnar's ghost, adept DrTm


Innate Abilities, Weirdness & Mutations

You have a pair of horns on your head.
You reflexively headbutt those who attack you in melee.
Your mind is acute. (Int +4, Str/Dex -1)


Message History

The deep elf blademaster misses you. You block the ettin's attack.
The ettin hits you with a +0 dire flail!!
* * * LOW HITPOINT WARNING * * *
The deep elf blademaster hits you with a +1 antimagic quick blade!
* * * LOW HITPOINT WARNING * * *
You block the deep elf blademaster's attack.
You block runemasterragnar's ghost's attack.
The deep elf blademaster completely misses you.
The deep elf blademaster hits you but does no damage.
You feel much better.
You block the deep elf blademaster's attack. x2
You block the ettin's attack. x2
You block the deep elf blademaster's attack.
The deep elf blademaster hits you but does no damage.
The deep elf blademaster hits you with a +1 antimagic rapier.
* * * LOW HITPOINT WARNING * * *
The deep elf blademaster completely misses you.
Runemasterragnar's ghost hits you but does no damage.
The ettin hits you with a +0 dire flail!
* * * LOW HITPOINT WARNING * * *
The ettin hits you with a +0 dire flail!
* * * LOW HITPOINT WARNING * * *
You feel much better.
You block the deep elf blademaster's attack.
The deep elf blademaster hits you but does no damage.
You block the deep elf blademaster's attack.
The deep elf blademaster hits you with a +2 antimagic rapier!
* * * LOW HITPOINT WARNING * * *
You block the deep elf blademaster's attack.
The deep elf blademaster hits you with a +2 antimagic rapier!!
* * * LOW HITPOINT WARNING * * *
The ettin hits you with a +0 dire flail.
* * * LOW HITPOINT WARNING * * *
You block the ettin's attack.
Runemasterragnar's ghost hits you but does no damage.
The deep elf blademaster barely misses you.
The deep elf blademaster hits you but does no damage.
You block the deep elf blademaster's attack.
The deep elf blademaster hits you with a +2 antimagic rapier!!
You die...

#######....## #.....###
#...........# #.....###
#...........# #........
#...........###........
#.............###......
##.....©.....#..........
##....#####....####.#.###
#...###.eW###............
##..####.@e..##..#########
#...#..###C.†.#......# #
#..##.## #...(##...#.#####
#..#...#..)....#...#.#....
#..#T...._|###©#...#.#.###
#..#C.##.?.≈#C.#...#...#
#..##.#§#.###W##...###.#
#...####.....##....# #.###
##..## #.iei.##..#.# #.#..


You could see 2 deep elf blademasters, an ettin (berserk, extremely poisoned)
and runemasterragnar's ghost.

Vanquished Creatures
  An ancient lich (Vaults:4)
  Mara (Vaults:3)
  A juggernaut (Depths:4)
  Saint Roka (Vaults:2)
  5 caustic shrikes (Depths:2)
  Margery (Vaults:2)
  3 golden dragons
  Nikola (Spider:4)
  2 bone dragons (Depths:3)
  Arachne (Spider:2)
  5 tentacled monstrosities
  A hellephant (Vaults:1)
  Zenata (Vaults:1)
  The ghost of Mafrual the Warrior, an adept TrCA of Okawaru (Spider:3)
  Mlioglotl (Swamp:4)
  Rupert (Lair:4)
  3 liches
  A walking earthen tome (Depths:3)
  The ghost of endersaim the Spry, an adept MfSk of Qazlal (Spider:3)
  An eldritch tentacle (Vaults:4)
  A titan (Vaults:3)
  An ancient champion (Vaults:2)
  4 sphinxes
  A thorn hunter (Swamp:4)
  3 shadow dragons
  4 tengu reavers
  2 storm dragons
  Agnes (Spider:4)
  3 fenstrider witches (Swamp:4)
  3 emperor scorpions (Spider:4)
  5 fire giants
  A deep elf sorcerer (Vaults:2)
  Louise (D:15)
  A draconian scorcher (Depths:4)
  10 frost giants
  Aizul (Swamp:4)
  2 orc warlords
  5 ghost moths
  A balrug (Vaults:1)
  12 vault wardens
  A ghoul (Swamp:4)
  14 ironbound preservers
  2 iron dragons
  21 very ugly things
  2 spriggan defenders
  7 stone giants
  2 reapers
  9 ironbound thunderhulks
  3 broodmothers
  2 war gargoyles
  4 vampire knights
  Nessos (D:15)
  2 deep elf demonologists (Vaults:4)
  4 eleionomae
  A lorocyproca (Depths:2)
  10 entropy weavers
  3 white draconians
  A deep elf annihilator (Vaults:2)
  A yellow draconian (Depths:4)
  The ghost of Feulaj the Severer, a journeyman MiBe of Trog (Lair:3)
  A minotaur (Gauntlet)
  12 dire elephants
  A green death (Swamp:4)
  11 spark wasps
  2 bunyips
  Snorg (D:10)
  An iron golem (Depths:1)
  A deep elf death mage (Depths:1)
  A merfolk javelineer (Depths:3)
  A crystal guardian (Vaults:4)
  8 fire dragons
  A shambling mangrove (Swamp:4)
  12 ettins
  Josephine (Orc:1)
  11 yaktaur captains
  8 ice dragons
  3 rakshasas
  10 great orbs of eyes
  Harold (D:9)
  A hell beast (Depths:1)
  3 radroaches
  18 hydras
  2 jorogumos
  4 ogre magi
  3 peacekeepers
  2 ironbound frosthearts
  11 centaur warriors
  2 spriggan air magi (Depths:4)
  7 vault guards
  8 boulder beetles
  3 ghost crabs
  9 alligators
  3 catoblepae (Lair:5)
  5 deep troll shamans
  The ghost of rogsnak the Thaumaturge, a journeyman BaAE of Sif Muna (D:11)
  4 deep troll earth magi
  2 two-headed ogres
  10 death yaks
  2 death scarabs (Spider:3)
  12 tengu warriors
  3 orc high priests (Orc:2)
  The ghost of hawla the Arsonist, a journeyman DEFE of Vehumet (D:12)
  7 spriggan berserkers
  2 vampire magi
  25 hell knights
  2 soul eaters
  6 iron trolls
  9 skeletal warriors
  Amaemon (D:8)
  A storm dragon zombie (D:15)
  2 sixfirhies (Swamp:4)
  10 pharaoh ants
  6 steelbarb worms
  3 goliath frogs
  A sun moth (Spider:4)
  54 deep trolls
  11 spriggan druids
  8 orb spiders
  2 death drakes (Swamp:4)
  6 glowing orange brains
  3 bog bodies
  6 swamp dragons
  5 flayed ghosts
  16 ironbound convokers
  6 wizards
  A tengu zombie (Depths:1)
  8 lindwurms
  17 wolf spiders
  6 necromancers
  A spectral wolf spider (D:12)
  A phantasmal warrior (D:12)
  A sphinx zombie (Depths:1)
  4 deep elf pyromancers
  9 orc knights
  An oklob plant (Lair:3)
  A spectral deep troll (Depths:2)
  29 ugly things
  8 harpies
  2 frost giant zombies (D:15)
  11 orc sorcerers
  An orange crystal statue (Gauntlet)
  4 will-o-the-wisps (Swamp:4)
  A cyclops (shapeshifter) (D:13)
  8 manticores
  8 moths of wrath
  7 cyclopes
  21 elephants
  A stone giant skeleton (Depths:1)
  An ice statue (IceCv)
  A rust devil (Depths:2)
  4 orange demons
  6 torpor snails
  4 black mambas
  An eye of devastation (Depths:1)
  15 vault sentinels
  2 minotaur zombies (Gauntlet)
  A cane toad (shapeshifter) (D:13)
  15 cane toads
  3 unseen horrors
  A yaktaur zombie (Vaults:3)
  A gargoyle (D:12)
  9 demonic crawlers
  4 freezing wraiths
  5 rime drakes
  4 komodo dragons
  A kobold demonologist (D:13)
  3 tengu conjurers
  A yaktaur (shapeshifter) (D:12)
  8 hellwings
  29 yaktaurs
  An anaconda simulacrum (IceCv)
  A human skeleton (Vaults:3)
  A yaktaur skeleton (Vaults:3)
  A bloated husk (Swamp:1)
  15 meliai
  A meliai (shapeshifter) (D:13)
  A troll (shapeshifter) (D:13)
  3 red devils
  16 hornets
  19 tarantellas
  26 slime creatures
  4 polar bears
  9 trolls
  8 tyrant leeches
  A dream sheep (shapeshifter) (Depths:2)
  19 blink frogs
  4 flying skulls (Gauntlet)
  2 centaur simulacra
  13 spriggans
  35 jumping spiders
  77 yaks
  19 culicivoras
  4 water elementals (Depths:3)
  A shadow (D:12)
  A vampire (D:11)
  A dire elephant simulacrum (IceCv)
  10 wraiths
  3 fire elementals (Lair:5)
  4 wyverns
  4 basilisks
  3 death yak simulacra (IceCv)
  13 vampire mosquitoes
  6 chaos spawn
  56 redbacks
  2 neqoxecs
  3 wargs
  2 spatial vortices (Vaults:4)
  Edmund (D:4)
  11 swamp worms
  A glowing shapeshifter zombie (Vaults:3)
  A floating eye (Depths:1)
  6 hydra simulacra
  A floating eye (shapeshifter) (Vaults:2)
  13 water moccasins
  32 orc warriors
  6 black bears
  2 ice beasts
  A sky beast (D:8)
  5 boggarts
  19 centaurs
  A floating eye zombie (D:15)
  6 ogres
  12 wolves
  A phantom (D:5)
  The ghost of robertstho the Poker, an amateur TeBe of Trog (D:4)
  4 kobold brigands
  13 bullfrogs
  The ghost of elisander the Covert, an amateur SpBr (D:3)
  A gnoll sergeant (D:10)
  A cane toad simulacrum (IceCv)
  7 scorpions
  5 necrophages
  6 two-headed ogre simulacra (IceCv)
  A dream sheep simulacrum (Lair:3)
  2 elephant simulacra (IceCv)
  5 killer bees (D:9)
  2 howler monkeys
  A lindwurm simulacrum (Lair:3)
  A rime drake simulacrum (Lair:3)
  9 electric eels
  6 jellies
  A komodo dragon simulacrum (Lair:3)
  5 hounds
  20 orc priests
  2 iguanas (D:5)
  26 orc wizards
  6 hell rats (Lair:2)
  2 polar bear simulacra (IceCv)
  3 spriggan simulacra (IceCv)
  A boggart zombie (D:12)
  9 troll simulacra (IceCv)
  A wolf simulacrum (IceCv)
  6 adders
  8 gnolls
  7 naga simulacra (IceCv)
  A shadow imp (D:5)
  19 white imps
  8 ufetubi
  6 worms
  3 dart slugs (D:1)
  73 orcs
  4 endoplasms
  7 giant cockroaches
  9 hobgoblins
  6 jackals
  32 kobolds
  2 quokkas
  9 ball pythons
  3 bats
  3 frilled lizards
  3 goblins
  3 rats (D:3)
  A briar patch (Swamp:4)
1714 creatures vanquished.

Vanquished Creatures (others)
  2 alligators (Swamp:3)
  A wizard (Vaults:2)
  A bloated husk (Swamp:3)
  A hornet (Swamp:3)
  A swamp worm (Swamp:3)
  A boggart (D:14)
  An orc wizard (Orc:1)
  An orc (Orc:1)
  A demonic plant (Gauntlet)
  33 foxfires (Swamp:4)
  23 fungi
  40 plants
  2 withered plants (D:15)
108 creatures vanquished.

Grand Total: 1822 creatures vanquished

Notes
Turn   | Place    | Note
-------+----------+-------------------------------------------
     0 | D:1      | Godmorgon the Minotaur Fighter began the quest for the Orb.
     0 | D:1      | Reached XP level 1. HP: 19/19 MP: 0/0
   155 | D:1      | Reached XP level 2. HP: 27/27 MP: 1/1
   235 | D:1      | Reached skill level 4 in Fighting
   552 | D:1      | Found a faded altar of an unknown god.
  1002 | D:2      | Reached XP level 3. HP: 33/33 MP: 2/2
  1349 | D:2      | Reached skill level 1 in Throwing
  1393 | D:2      | Found a broken altar of Ashenzari.
  1997 | D:3      | Reached XP level 4. HP: 38/41 MP: 3/3
  2098 | D:3      | Found a runed translucent door.
  2810 | D:3      | Found a stormy altar of Qazlal.
  2941 | D:3      | Noticed elisander's ghost (amateur SpBr)
  3043 | D:4      | Noticed a necrophage
  3052 | D:4      | Killed a necrophage
  3053 | D:4      | Reached XP level 5. HP: 37/47 MP: 4/4
  3132 | D:4      | Noticed an ogre
  3409 | D:4      | Identified the +10 falchion of Wyrd {drain, rN+ Str+4}
  3490 | D:4      | Found a runed translucent gate.
  3491 | D:4      | Found a runed translucent gate.
  3492 | D:4      | Found a runed translucent gate.
  3492 | D:4      | Noticed robertstho's ghost (amateur TeBe)
  3635 | D:4      | Noticed Edmund
  3645 | D:4      | Killed Edmund
  3646 | D:4      | Reached skill level 5 in Fighting
  3646 | D:4      | Reached skill level 5 in Maces & Flails
  3646 | D:4      | Reached XP level 6. HP: 29/56 MP: 5/5
  4099 | D:4      | Reached XP level 7. HP: 61/61 MP: 6/6
  4390 | D:4      | Found an opulent altar of Gozag.
  4391 | D:4      | Found a glowing silver altar of Zin.
  4471 | D:5      | Entered Level 5 of the Dungeon
  4714 | D:5      | Found a shimmering blue altar of Sif Muna.
  4901 | D:5      | Reached skill level 6 in Fighting
  4901 | D:5      | Reached skill level 5 in Throwing
  5041 | D:5      | Found a hazy altar of Hepliaklqana.
  5044 | D:5      | Found a white marble altar of Elyvilon.
  5054 | D:5      | Found an ancient bone altar of Kikubaaqudgha.
  5068 | D:5      | Found an ornate altar of the Wu Jian Council.
  5321 | D:5      | Found a staircase to the Ecumenical Temple.
  5351 | Temple   | Entered the Ecumenical Temple
  5448 | Temple   | Became a worshipper of Warmaster Okawaru
  5588 | D:5      | Reached XP level 8. HP: 53/70 MP: 7/7
  6697 | D:6      | Reached * piety under Okawaru
  6698 | D:6      | Reached skill level 1 in Invocations
  6778 | D:6      | Found a broken altar of Ashenzari.
  6817 | D:6      | Reached skill level 7 in Fighting
  7486 | D:7      | Killed an unseen horror
  7487 | D:7      | Reached XP level 9. HP: 39/79 MP: 8/10
  7490 | D:7      | Reached skill level 10 in Maces & Flails
  8457 | D:7      | Reached skill level 8 in Fighting
  8854 | D:8      | Reached ** piety under Okawaru
  9114 | D:8      | Found a sparkling altar of Nemelex Xobeh.
  9278 | D:8      | Noticed an elephant
  9282 | D:8      | Noticed Amaemon
  9316 | D:8      | Killed an elephant
  9316 | D:8      | Reached *** piety under Okawaru
  9324 | D:8      | Received a gift from Okawaru
  9395 | D:8      | Noticed an orange demon
  9661 | D:8      | Found Bitacseg's Jewellery Shop.
  9712 | D:8      | Found a glowing golden altar of the Shining One.
  9745 | D:8      | Reached skill level 9 in Fighting
  9755 | D:8      | Reached XP level 10. HP: 73/91 MP: 12/12
  9763 | D:8      | Reached skill level 5 in Invocations
  9998 | D:8      | Found a staircase to the Lair.
 10913 | D:8      | Killed an orange demon
 11201 | D:8      | Found a sparkling altar of Nemelex Xobeh.
 11258 | D:8      | Killed Amaemon
 11467 | Lair:1   | Entered Level 1 of the Lair of Beasts
 11469 | Lair:1   | Noticed a seven-headed hydra
 11470 | Lair:1   | Noticed a cane toad
 11479 | D:8      | Killed a seven-headed hydra
 11480 | D:8      | Reached skill level 1 in Dodging
 11644 | Lair:1   | Killed a cane toad
 11644 | Lair:1   | Reached **** piety under Okawaru
 11669 | Lair:1   | Found a gate leading to a gauntlet.
 11678 | Gauntlet | Entered a Gauntlet
 11678 | Gauntlet | Found a transporter.
 11678 | Gauntlet | Found a transporter.
 11680 | Gauntlet | Found a transporter.
 11681 | Gauntlet | Found a transporter.
 11681 | Gauntlet | Noticed a tengu warrior
 11684 | Gauntlet | Found a transporter.
 11685 | Gauntlet | Found a transporter.
 11686 | Gauntlet | Noticed an elephant
 11686 | Gauntlet | Noticed a worldbinder
 11687 | Gauntlet | Noticed a torpor snail
 11688 | Gauntlet | Noticed an elephant
 11717 | Gauntlet | Found a transporter.
 11723 | Gauntlet | Found a transporter.
 11731 | Gauntlet | Found a transporter.
 11731 | Gauntlet | Noticed an orange crystal statue
 11747 | Gauntlet | Found a transporter.
 11761 | Gauntlet | Found a transporter.
 11765 | Gauntlet | Found a transporter.
 11765 | Gauntlet | Noticed an elephant
 11768 | Gauntlet | Noticed an elephant
 11805 | Gauntlet | Reached skill level 10 in Fighting
 11815 | Gauntlet | Received a gift from Okawaru
 12050 | Gauntlet | Identified the amulet "Qimaraf" {Reflect rPois Dex+4 SH+5}
 12058 | Gauntlet | Killed a torpor snail
 12067 | Gauntlet | Killed an elephant
 12068 | Gauntlet | Reached skill level 5 in Shields
 12074 | Gauntlet | Killed an elephant
 12075 | Gauntlet | Reached skill level 5 in Armour
 12075 | Gauntlet | Reached XP level 11. HP: 78/100 MP: 8/15
 12231 | Gauntlet | Identified the amulet of Keaskof {RegenMP rPois rC++ Will-
                  | Int+3}
 12241 | Gauntlet | Killed an orange crystal statue
 12353 | Gauntlet | Identified the +4 sling of the Thieving Gods {venom, rElec
                  | rF+ rC+ Stlth-}
 12353 | Gauntlet | Noticed a minotaur
 12368 | Gauntlet | Killed a minotaur
 12757 | Lair:1   | Noticed a six-headed hydra
 12777 | Lair:1   | Killed a six-headed hydra
 12777 | Lair:1   | Received a gift from Okawaru
 12778 | Lair:1   | Reached skill level 1 in Ranged Weapons
 13020 | Lair:1   | Reached skill level 11 in Fighting
 13638 | Lair:1   | Identified 2 scrolls of acquirement
 13639 | Lair:1   | Acquired 457 gold pieces
 13640 | Lair:1   | Acquired 893 gold pieces
 13652 | Lair:2   | Reached ***** piety under Okawaru
 13848 | Lair:2   | Reached skill level 5 in Dodging
 14253 | Lair:2   | Found a hole to the Spider Nest.
 14341 | Lair:2   | Identified the +2 cloak "Uzuegh" {Str+5 Int+3} (Okawaru
                  | gifted it to you on level 2 of the Lair of Beasts)
 14341 | Lair:2   | Received a gift from Okawaru
 14399 | Lair:2   | Reached XP level 12. HP: 110/110 MP: 15/18
 14722 | Lair:3   | Noticed a boulder beetle
 14735 | Lair:3   | Killed a boulder beetle
 14852 | Lair:3   | Reached skill level 10 in Invocations
 15216 | Lair:3   | Found a staircase to the Swamp.
 15449 | Lair:3   | Reached skill level 12 in Fighting
 15455 | Lair:3   | Reached skill level 5 in Ranged Weapons
 15624 | Lair:3   | Noticed Feulaj's ghost (journeyman MiBe)
 15626 | Lair:3   | Noticed an ice dragon
 15714 | Lair:3   | Found a runed translucent gate.
 15714 | Lair:3   | Found a runed translucent gate.
 15714 | Lair:3   | Found a runed translucent gate.
 15918 | Lair:3   | Identified the +10 long sword "Amnazoam" {flame, rC+ rCorr
                  | Int+2}
 16535 | Lair:3   | Killed Feulaj's ghost
 16542 | Lair:3   | Killed an ice dragon
 16542 | Lair:3   | Received a gift from Okawaru
 16622 | Lair:3   | Reached skill level 13 in Fighting
 16774 | Lair:3   | Got the ring of Mitsoeh {Fire Will+ Stlth+}
 16824 | Lair:4   | Noticed Rupert
 16837 | Lair:4   | Killed Rupert
 16943 | Lair:4   | Noticed a six-headed hydra
 16951 | Lair:4   | Killed a six-headed hydra
 16952 | Lair:4   | Reached skill level 10 in Armour
 17102 | Lair:4   | Reached XP level 13. HP: 112/122 MP: 19/19
 17114 | Lair:4   | Received a gift from Okawaru
 17264 | Lair:4   | Found a staircase to the Slime Pits.
 17264 | Lair:4   | Found a viscous altar of Jiyva.
 17325 | Lair:4   | Received a gift from Okawaru
 17330 | Lair:4   | Reached skill level 14 in Fighting
 17380 | Lair:4   | Received a gift from Okawaru
 18129 | Lair:4   | Reached skill level 15 in Fighting
 18717 | Lair:5   | Entered Level 5 of the Lair of Beasts
 18753 | Lair:5   | Reached skill level 16 in Fighting
 19110 | Lair:5   | Received a gift from Okawaru
 19501 | Lair:5   | Reached skill level 17 in Fighting
 19965 | Lair:5   | Reached XP level 14. HP: 129/140 MP: 18/20
 20140 | Lair:5   | Reached skill level 18 in Fighting
 20542 | Lair:5   | Received a gift from Okawaru
 20552 | Lair:5   | Reached ****** piety under Okawaru
 20570 | Lair:5   | Reached skill level 19 in Fighting
 20598 | Lair:5   | Received a gift from Okawaru
 20928 | Lair:5   | Received a gift from Okawaru
 21031 | Lair:5   | Identified the +10 short sword of Symmetry {spect, Will-
                  | Int+8 Dex-5}
 21718 | D:4      | Killed robertstho's ghost
 21793 | D:3      | Killed elisander's ghost
 21991 | D:9      | Identified the +4 dire flail of Kim Cey {speed, Fragile
                  | Str+4} (Okawaru gifted it to you on level 9 of the Dungeon)
 21991 | D:9      | Received a gift from Okawaru
 22132 | D:9      | Found a staircase to the Orcish Mines.
 22388 | D:9      | Reached skill level 20 in Fighting
 22724 | D:10     | Entered Level 10 of the Dungeon
 22944 | D:10     | Noticed Snorg
 22954 | D:10     | Killed Snorg
 23195 | D:10     | Found Moan's Weapon Shoppe.
 23698 | D:11     | Found a runed translucent gate.
 23698 | D:11     | Found a runed translucent gate.
 23699 | D:11     | Found a runed translucent gate.
 23701 | D:11     | Noticed rogsnak's ghost (journeyman BaAE)
 23974 | D:11     | Received a gift from Okawaru
 24328 | D:11     | Found a viscous altar of Jiyva.
 24341 | D:11     | Killed rogsnak's ghost
 24619 | D:12     | Found a transporter.
 24621 | D:12     | Noticed hawla's ghost (journeyman DEFE)
 24640 | D:12     | Reached skill level 21 in Fighting
 24779 | D:12     | Found a transporter.
 25539 | D:12     | Killed hawla's ghost
 25905 | D:13     | Reached XP level 15. HP: 158/158 MP: 21/21
 25914 | D:13     | Identified the +1 ring mail of Decompression {Fly rCorr
                  | Str+3} (Okawaru gifted it to you on level 13 of the
                  | Dungeon)
 25914 | D:13     | Received a gift from Okawaru
 25921 | D:13     | Found a gate to the Vaults.
 26340 | D:13     | Reached skill level 22 in Fighting
 27142 | D:14     | Found a radiant altar of Vehumet.
 27881 | D:14     | Found a portal to a secret trove of treasure.
 28399 | D:15     | Entered Level 15 of the Dungeon
 28533 | D:15     | Noticed Louise
 28549 | D:15     | Killed Louise
 28654 | D:15     | Noticed Nessos
 28665 | D:15     | Killed Nessos
 28771 | D:15     | Received a gift from Okawaru
 29181 | D:15     | Found a staircase to the Depths.
 29188 | D:15     | Received a gift from Okawaru
 29674 | D:15     | Reached skill level 23 in Fighting
 30449 | D:9      | Upgraded the game from 0.29.0-13-gc9e81de378 to
                  | 0.29.0-15-g675c0067aa
 30452 | Orc:1    | Entered Level 1 of the Orcish Mines
 30465 | Orc:1    | Noticed Josephine
 30477 | Orc:1    | Killed Josephine
 30507 | Orc:1    | Noticed Harold
 30802 | D:9      | Killed Harold
 30841 | Orc:1    | Noticed an orc warlord
 30850 | Orc:1    | Received a gift from Okawaru
 30857 | Orc:1    | Killed an orc warlord
 30880 | Orc:2    | Entered Level 2 of the Orcish Mines
 30880 | Orc:2    | Found a staircase to the Elven Halls.
 30936 | Orc:1    | Found a frozen archway.
 30961 | IceCv    | Entered an ice cave
 31772 | IceCv    | Reached XP level 16. HP: 87/172 MP: 23/23
 32438 | Orc:2    | Identified the +5 eveningstar of Watchfulness {holy,
                  | *Corrode +Blink rPois Will++} (Okawaru gifted it to you on
                  | level 2 of the Orcish Mines)
 32438 | Orc:2    | Received a gift from Okawaru
 33694 | Orc:2    | Found Rycofras's Antique Armour Shop.
 33694 | Orc:2    | Found Gaujegot's Distillery.
 33714 | Orc:2    | Found Azxeuto's Distillery.
 33719 | Orc:2    | Found Firuzxis's Book Shoppe.
 33757 | Orc:2    | Bought a potion of degeneration for 15 gold pieces
 33764 | Orc:2    | Bought a potion of haste for 130 gold pieces
 33764 | Orc:2    | Bought a potion of flight for 39 gold pieces
 33774 | Orc:2    | Bought a pair of embroidered gloves for 232 gold pieces
 33800 | Orc:2    | Bought a potion of heal wounds for 65 gold pieces
 33800 | Orc:2    | Bought a potion of flight for 39 gold pieces
 33800 | Orc:2    | Bought a potion of heal wounds for 65 gold pieces
 33800 | Orc:2    | Bought a potion of heal wounds for 65 gold pieces
 33802 | Orc:2    | Bought 2 potions of heal wounds for 150 gold pieces
 33802 | Orc:2    | Bought 2 potions of heal wounds for 150 gold pieces
 33802 | Orc:2    | Bought a potion of haste for 150 gold pieces
 33802 | Orc:2    | Bought a potion of heal wounds for 75 gold pieces
 34040 | Swamp:1  | Entered Level 1 of the Swamp
 34308 | Swamp:1  | Received a gift from Okawaru
 34743 | Swamp:2  | Received a gift from Okawaru
 34773 | Swamp:2  | Received a gift from Okawaru
 35333 | Swamp:2  | Identified the +1 scale mail of Ashenzari's Whim {rC+}
 35403 | Swamp:2  | Reached XP level 17. HP: 180/180 MP: 24/24
 35445 | Swamp:2  | Found a white marble altar of Elyvilon.
 36418 | Swamp:3  | Noticed a tentacled monstrosity
 36428 | Swamp:3  | Killed a tentacled monstrosity
 36540 | Swamp:3  | Received a gift from Okawaru
 36640 | Swamp:4  | Entered Level 4 of the Swamp
 36991 | Swamp:4  | Identified the +1 robe of Evolution {Harm Drain rCorr}
                  | (Okawaru gifted it to you on level 4 of the Swamp)
 36991 | Swamp:4  | Received a gift from Okawaru
 37089 | Swamp:4  | Noticed Mlioglotl
 37100 | Swamp:4  | Killed Mlioglotl
 37266 | Swamp:4  | Noticed Aizul
 37267 | Swamp:4  | Noticed a tentacled monstrosity
 37271 | Swamp:4  | Noticed a tentacled monstrosity
 37289 | Swamp:4  | Killed a tentacled monstrosity
 37329 | Swamp:4  | Reached XP level 18. HP: 56/190 MP: 21/25
 37361 | Swamp:4  | Paralysed by a fenstrider witch for 5 turns
 37363 | Swamp:4  | Killed Aizul
 37367 | Swamp:4  | HP: 6/190 [poison]
 37782 | Swamp:4  | Killed a tentacled monstrosity
 38619 | Swamp:4  | Got a decaying rune of Zot
 38999 | Spider:1 | Entered Level 1 of the Spider Nest
 39316 | Spider:1 | Received a gift from Okawaru
 40147 | Spider:1 | Received a gift from Okawaru
 40954 | Spider:2 | Noticed Arachne
 40979 | Spider:2 | Killed Arachne
 41332 | Spider:2 | Reached skill level 24 in Fighting
 41676 | Spider:2 | Received a gift from Okawaru
 42709 | Spider:3 | Received a gift from Okawaru
 43925 | Spider:3 | Reached skill level 10 in Dodging
 43992 | Spider:3 | Identified the +3 hand crossbow "Worm's Wrath" {elec,
                  | rElec} (Okawaru gifted it to you on level 3 of the Spider
                  | Nest)
 43992 | Spider:3 | Received a gift from Okawaru
 44168 | Spider:3 | Noticed endersaim's ghost (adept MfSk)
 44176 | Spider:3 | Found a transporter.
 44180 | Spider:3 | Noticed Mafrual's ghost (adept TrCA)
 44240 | Spider:3 | Found a transporter.
 44738 | Spider:3 | Reached XP level 19. HP: 198/198 MP: 21/27
 44757 | Spider:3 | Killed endersaim's ghost
 44758 | Spider:3 | Reached skill level 15 in Shields
 44800 | Spider:3 | Killed Mafrual's ghost
 44932 | Spider:3 | Received a gift from Okawaru
 44981 | Spider:4 | Entered Level 4 of the Spider Nest
 45320 | Spider:4 | Noticed Nikola
 45332 | Spider:4 | Killed Nikola
 45606 | Spider:4 | Noticed Agnes
 45614 | Spider:4 | Killed Agnes
 45614 | Spider:4 | Received a gift from Okawaru
 46258 | Spider:4 | Reached skill level 10 in Ranged Weapons
 46337 | Spider:4 | Received a gift from Okawaru
 46653 | Spider:4 | Reached skill level 10 in Throwing
 46698 | Spider:4 | Got a gossamer rune of Zot
 47111 | Vaults:1 | Entered Level 1 of the Vaults
 47905 | Vaults:1 | Noticed Zenata
 47928 | Vaults:1 | Killed Zenata
 47928 | Vaults:1 | Received a gift from Okawaru
 48186 | Vaults:1 | Identified the +8 mace of Feobris {vorpal, *Slow rF++}
                  | (Okawaru gifted it to you on level 1 of the Vaults)
 48186 | Vaults:1 | Received a gift from Okawaru
 48238 | Vaults:1 | Found a huge runed gate.
 48238 | Vaults:1 | Found a huge runed gate.
 48238 | Vaults:1 | Found a huge runed gate.
 48238 | Vaults:1 | Found a huge runed gate.
 48239 | Vaults:1 | Found a huge runed gate.
 48239 | Vaults:1 | Found a huge runed gate.
 48239 | Vaults:1 | Found a huge runed gate.
 48239 | Vaults:1 | Found a huge runed gate.
 48243 | Vaults:1 | Reached skill level 15 in Armour
 48261 | Vaults:1 | Found a huge runed gate.
 48263 | Vaults:1 | Found a huge runed gate.
 48263 | Vaults:1 | Found a huge runed gate.
 48263 | Vaults:1 | Found a huge runed gate.
 48263 | Vaults:1 | Found a huge runed gate.
 48263 | Vaults:1 | Found a huge runed gate.
 48264 | Vaults:1 | Found a huge runed gate.
 48265 | Vaults:1 | Found a huge runed gate.
 48266 | Vaults:1 | Found a huge runed gate.
 48267 | Vaults:1 | Found a huge runed gate.
 48275 | Vaults:1 | Found a huge runed gate.
 48275 | Vaults:1 | Found a huge runed gate.
 48275 | Vaults:1 | Found a huge runed gate.
 48275 | Vaults:1 | Found a huge runed gate.
 48275 | Vaults:1 | Found a huge runed gate.
 48275 | Vaults:1 | Found a huge runed gate.
 48276 | Vaults:1 | Found a huge runed gate.
 48277 | Vaults:1 | Found a huge runed gate.
 48278 | Vaults:1 | Found a huge runed gate.
 48286 | Vaults:1 | Found a huge runed gate.
 48286 | Vaults:1 | Found a huge runed gate.
 48286 | Vaults:1 | Found a huge runed gate.
 48286 | Vaults:1 | Found a huge runed gate.
 48286 | Vaults:1 | Found a huge runed gate.
 48286 | Vaults:1 | Found a huge runed gate.
 48287 | Vaults:1 | Found a huge runed gate.
 48288 | Vaults:1 | Found a huge runed gate.
 48289 | Vaults:1 | Found a huge runed gate.
 48647 | Vaults:1 | Reached XP level 20. HP: 123/207 MP: 23/29
 48847 | Vaults:1 | Found Zougihi's Jewellery Emporium.
 48853 | Vaults:1 | Bought the ring "Ycown" {+Blink rElec Will+ Dex+3} for 836
                  | gold pieces
 48853 | Vaults:1 | Bought the ring "Jymp" {AC+4 SInv} for 755 gold pieces
 48943 | Vaults:1 | Identified the +2 robe "Buschouh" {Drain rN+++ Dex+3
                  | Archmagi} (Okawaru gifted it to you on level 1 of the
                  | Vaults)
 48943 | Vaults:1 | Received a gift from Okawaru
 49670 | Vaults:1 | Identified the +7 halberd of the Howling Genius {venom,
                  | rCorr}
 49919 | Vaults:1 | Found Zougihi's Jewellery Emporium.
 50721 | Vaults:2 | Noticed Margery
 50791 | Vaults:2 | Killed Margery
 50792 | Vaults:2 | Reached skill level 15 in Invocations
 51201 | D:14     | You paid a toll of a +5 demon trident to enter a treasure
                  | trove
 51202 | Trove    | Entered a treasure trove
 51245 | D:14     | Acquired the ring "Onnuzakk" {rN++ Int+4 Dex+4 SInv}
 51947 | Vaults:2 | Noticed Saint Roka
 51971 | Vaults:2 | Killed Saint Roka
 53107 | Vaults:2 | Received a gift from Okawaru
 53144 | Vaults:2 | Found a staircase to the Crypt.
 53394 | Vaults:2 | Received a gift from Okawaru
 53722 | Vaults:2 | Received a gift from Okawaru
 54318 | Vaults:3 | Reached skill level 25 in Fighting
 54336 | Vaults:3 | Reached XP level 21. HP: 179/217 MP: 31/31
 54868 | Vaults:3 | Identified the +0 robe of the Sun {rPois Int+3 Dex+2}
                  | (Okawaru gifted it to you on level 3 of the Vaults)
 54868 | Vaults:3 | Received a gift from Okawaru
 55388 | Vaults:3 | Noticed Mara
 56821 | Vaults:3 | Killed Mara
 56881 | Vaults:4 | Found a flickering gateway to a bazaar.
 56914 | Bazaar   | Entered a bazaar
 56914 | Bazaar   | Found Xaoczit's General Store.
 56914 | Bazaar   | Found Qaofet's Assorted Antiques.
 56914 | Bazaar   | Found Casatz's General Store.
 56914 | Bazaar   | Found Litare Losh's Weapon Shoppe.
 56946 | Bazaar   | Bought 4 boomerangs for 18 gold pieces
 56948 | Bazaar   | Bought a potion of magic for 80 gold pieces
 56950 | Bazaar   | Bought 6 atropa-tipped darts for 36 gold pieces
 56954 | Bazaar   | Bought a potion of might for 152 gold pieces
 57041 | Vaults:4 | Noticed an ancient lich
 57051 | Vaults:4 | Killed an ancient lich
 58935 | Depths:1 | Entered Level 1 of the Depths
 59565 | Depths:1 | Reached skill level 26 in Fighting
 59598 | Depths:1 | Found a snail-covered altar of Cheibriados.
 59948 | Depths:1 | Found a gateway to Hell.
 59957 | Depths:1 | Found a white marble altar of Elyvilon.
 60129 | Depths:1 | Found a one-way gateway to a ziggurat.
 60337 | Depths:1 | Found a faded altar of an unknown god.
 60434 | Depths:1 | Found a one-way gate leading to the halls of Pandemonium.
 60445 | Depths:1 | Gained mutation: Your mind is acute. (Int +4, Str/Dex -1)
                  | [a neqoxec]
 60623 | Depths:1 | Reached XP level 22. HP: 176/228 MP: 27/32
 60633 | Depths:1 | Received a gift from Okawaru
 62149 | Depths:2 | Received a gift from Okawaru
 62321 | Depths:2 | Found a hazy altar of Hepliaklqana.
 62782 | Depths:3 | Reached skill level 15 in Dodging
 62783 | Depths:3 | Noticed a caustic shrike
 62786 | Depths:3 | Noticed a caustic shrike
 62787 | Depths:3 | Noticed a caustic shrike
 62787 | Depths:3 | Noticed a caustic shrike
 62790 | Depths:2 | Reached skill level 15 in Throwing
 62839 | Depths:3 | Noticed a caustic shrike
 62864 | Depths:2 | Killed a caustic shrike
 62864 | Depths:2 | Received a gift from Okawaru
 62889 | Depths:2 | Killed a caustic shrike
 62905 | Depths:2 | Killed a caustic shrike
 63192 | Depths:2 | Killed a caustic shrike
 63192 | Depths:2 | Received a gift from Okawaru
 63238 | Depths:2 | Killed a caustic shrike
 63480 | Depths:2 | Reached skill level 27 in Fighting
 63487 | Depths:2 | Received a gift from Okawaru
 63574 | Depths:3 | Noticed a golden dragon
 63578 | Depths:3 | Killed a golden dragon
 63584 | Depths:3 | Noticed a golden dragon
 63660 | Depths:2 | Killed a golden dragon
 63835 | Depths:3 | Found a one-way gate to the infinite horrors of the Abyss.
 64062 | Depths:3 | Noticed a golden dragon
 64076 | Depths:3 | Killed a golden dragon
 64078 | Depths:3 | Received a gift from Okawaru
 64273 | Depths:3 | Identified the +4 flail "Beast's Demise" {drain, rF+ rC-
                  | Will+ Stlth+}
 65209 | Depths:4 | Entered Level 4 of the Depths
 65457 | Depths:3 | Received a gift from Okawaru
 65458 | Depths:3 | Reached XP level 23. HP: 213/240 MP: 33/33
 65611 | Depths:4 | Identified the +10 sling "Domesk" {venom, Fragile +Blink
                  | rC+ Will++ Str+3}
 66306 | Depths:4 | Found a transporter.
 66309 | Depths:4 | Found a transporter.
 66309 | Depths:4 | Noticed a juggernaut
 66356 | Depths:4 | Found a bloodstained altar of Trog.
 66357 | Depths:4 | Noticed runemasterragnar's ghost (adept DrTm)
 66546 | Depths:4 | Found a gate to the Realm of Zot.
 66833 | Depths:4 | Found Vipn's Book Shop.
 66835 | Depths:4 | Found Cyripn's Jewellery Emporium.
 66836 | Depths:4 | Found Hileit's Book Shop.
 66852 | Depths:4 | Bought the amulet "Werphof" {rPois Will++ Regen+} for 717
                  | gold pieces
 67135 | Depths:4 | Killed a juggernaut
 67135 | Depths:4 | Identified the +2 pair of gloves "Ceasmurch" {-Tele rF+
                  | Regen+ Str+4 Int+4} (Okawaru gifted it to you on level 4 of
                  | the Depths)
 67135 | Depths:4 | Received a gift from Okawaru
 67165 | Depths:4 | HP: 7/240 [deep elf blademaster/+1 antimagic quick blade
                  | (21)]
 67165 | Depths:4 | HP: 2/240 [ettin/+0 dire flail (5)]
 67165 | Depths:4 | Demolished by a deep elf blademaster

Illustrated notes

Levels and vault maps discovered:
D:1:      erik_arrival_triangle_huge, layout_basic,
          shapermc_ecumenical_altar_notcrosses
D:2:      layout_loops_corners, basic_altar, kennysheep_flooded_box,
          minmay_misc_feat_hallway
D:3:      kennysheep_big_flooded_room, layout_basic,
          nicolae_qazlal_eye_of_the_storm, ebering_ghost_reflecting_pool,
          grunt_ministairs_10, supply_closet_lemuel
D:4:      layout_loops_ring, grunt_temple_overflow_gold_and_silver,
          gammafunk_ghost_nasty_kobolds, serial_glass, glass_columns_a,
          glass_columns_a, glass_columns_a, glass_columns_b, glass_columns_b,
          glass_columns_a, uniq_edmund
D:5:      layout_layer_cave, mainiacjoe_overflow_surrounded_room,
          grunt_temple_overflow_cloverleaf, minmay_temple_entry_tees,
          serial_bayou_lagoon_a
D:6:      layout_loops_corners, mainiacjoe_overflow_cross_hatched
D:7:      layout_loops_corners, nicolae_benzene_ring, minmay_crystal_water
D:8:      layout_basic, mainiacjoe_overflow_tiny_flanked,
          nemelex_spade_bored_becter, david_lair_generic,
          minmay_shop_enchanted_jewellery, kennysheep_boxes, uniq_amaemon
D:9:      layout_basic, david_orc_3, kennysheep_cluttered_room
D:10:     layout_basic, serial_shops, shop, uniq_snorg
D:11:     layout_basic, gammafunk_ghost_ooze
D:12:     layout_loops_corners, gammafunk_ghost_mausoleum,
          kennysheep_windowed_goal
D:13:     layout_roguey, david_vaults_2
D:14:     layout_layer_cave, nicolae_vehumet_radiance, enter_trove_5
D:15:     gammafunk_depths_entry_grave, layout_basic, uniq_nessos, uniq_louise
Temple:   minmay_temple_curvy_loop
Lair:1:   layout_chaotic_city, gauntlet_entry_generic
Lair:2:   layout_chaotic_city, nicolae_spider_entry_non_spiders,
          forest_entry_grove
Lair:3:   layout_regular_city, swamp_mist_pool, gammafunk_ghost_icy,
          bh_autumn_forest_stairs, chequers_serial_rivers_micro_c, minmay_holes,
          lemuel_fruit_fields, lemuel_fruit_tree
Lair:4:   layout_layer_cave, minmay_slime_entry_pillars,
          grunt_forest_small_clearings, minivault_23,
          chequers_serial_rivers_room_a, cheibrodos_lair_lostbears, uniq_rupert
Lair:5:   evilmike_catoblepas_cave, layout_gridlike, infiniplex_staircase_pool,
          serial_bayou_shore_b, grunt_megastairs_5, serial_bayou_shore_b
Swamp:1:  layout_basic_swamp, serial_swamp_ruin, evilmike_swamp_ruin_house_6,
          evilmike_swamp_ruin_house_1, hangedman_swamp_ruin_wall
Swamp:2:  layout_basic_swamp, evilmike_swamp_ruin_house_2, lemuel_altar_in_water
Swamp:3:  layout_basic_swamp, nicolae_swamp_some_circles
Swamp:4:  nzn_swamp_witches_coven, layout_basic_swamp, swamp_pool2,
          lightli_tree_ring, uniq_mlioglotl, uniq_aizul
Spider:1: layout_cave_pods
Spider:2: layout_chambers, uniq_arachne
Spider:3: layout_spider_delve, nzn_ghost_randoct, nicolae_spider_spiderdrome
Spider:4: spider_rune_water, hellmonk_spider_spawner, uniq_agnes, uniq_nikola
Orc:1:    layout_caves, portal_ice_cave_entry_imps, uniq_harold, uniq_josephine
Orc:2:    st_orc_elflike, layout_caves, basic_altar, nicolae_orc_bridge_out,
          mines2_david
Vaults:1: not_door_vault_due, v_misc_10, vaults_mumra_hex, v_rooms_2,
          vaults_room_fours, nicolae_vaults_border_crossing, v_misc_26,
          hangedman_vaults_stretched_pinwheel, nicolae_vaults_specimen_jars,
          ontoclasm_vaults_idyll, grunt_vaults_focal,
          vaults_dpeg_emergency_exit, v_misc_15, layout_vaults_ring,
          serial_shops, shop, uniq_zenata
Vaults:2: ontoclasm_vaults_chip, ontoclasm_vaults_loading_screen, st_octagons_1,
          vaults_standard_mumra_enter_the_diamond,
          nicolae_vaults_windows_and_doors_thing, ontoclasm_vaults_bender,
          nicolae_vaults_rhombus_5, v_misc_12, ontoclasm_vaults_idyll,
          vaults_dpeg_ring, layout_vaults_omnigrid,
          minmay_crypt_entry_simple_box, uniq_margery, uniq_saint_roka
Vaults:3: nicolae_vaults_murderbox, grunt_vaults_diagonal,
          vaults_room_semicircle, nicolae_vaults_twisting_passages,
          ontoclasm_vaults_ligature, grunt_vaults_twisty, v_misc_9,
          ontoclasm_vaults_shuriken, layout_vaults_chaotic_city, uniq_mara
Vaults:4: hangedman_vaults_impose, st_check, ontoclasm_vaults_chip,
          v_alt_pattern_3, vaults_room_pool, nicolae_vaults_alarming,
          grunt_vaults_bifocal, vaults_room_grunt_arrival_ludios,
          nicolae_vaults_network_square, ontoclasm_vaults_misaligned,
          layout_vaults_omnicross, serial_hangedman_research,
          hangedman_research_quantum, serial_shops, bzr_in_the_mist
Depths:1: layout_cave_pools, enter_ziggurat_c, rand_demon_pan_entry_9,
          nicolae_elyvilon_peaceful_grove, special_room [special_room_morgue],
          hell_entry, serial_column_ruins, column_ruins_temple_hut,
          column_ruins_columns_T, column_ruins_grid_4,
          column_ruins_columns_water, column_ruins_corridor_straight,
          grunt_ministairs_14, slow_altar_1
Depths:2: evilmike_pillar_path, layout_gridlike, rand_demon_pan_entry_8,
          hell_entry, serial_sigils, serial_sigils_hangedman_scratch,
          serial_sigils_hangedman_shear, serial_sigils_hangedman_stare,
          serial_sigils_hangedman_etch, serial_sigils_hangedman_gnaw,
          serial_sigils_hangedman_quiver, grunt_decor_cap,
          nicolae_hepliaklqana_monster_ancestors, firewood_loft
Depths:3: grunt_crosshair, layout_cave_pools, hangedman_abyss_or_decor_clamps,
          pan_entry, abyss_entry, hell_entry, infiniplex_staircase_pool_2
Depths:4: evilmike_zot_entry_basic, layout_basic, grunt_metal_band,
          gammafunk_ghost_wrathful_warriors, serial_curves, eino_curves_03,
          eino_curves_03, minmay_shop_grove

Skill      XL: |  1  2  3  4  5  6  7  8  9 10 11 12 13 14 15 16 17 18 19 20 21 22 23 |
---------------+----------------------------------------------------------------------+-----
Maces & Flails | 3 4 5 6 7 9 11 12 13 14 | 14.0
Fighting       | 4 5 6 7 9 10 11 13 17 21 23 24 25 26 27 | 27.0
Throwing       | 1 2 3 4 5 6 7 8 11 12 14 16 | 16.2
Invocations    | 2 4 7 9 10 11 12 14 15 | 15.8
Armour         | 5 7 10 11 12 13 15 18 19 | 19.7
Dodging        | 3 5 6 7 8 10 11 14 15 | 15.2
Shields        | 5 7 11 12 14 15 | 15.3
Ranged Weapons | 3 7 9 11 | 11.0

Action                   |  1- 3 |  4- 6 |  7- 9 | 10-12 | 13-15 | 16-18 | 19-21 | 22-24 || total
-------------------------+-------+-------+-------+-------+-------+-------+-------+-------++-------
Melee: Flail             |    72 |   112 |   184 |    54 |       |       |       |       ||   422
       Headbutt          |     9 |    21 |    39 |   111 |   367 |   299 |   684 |   336 ||  1866
       Staff             |       |       |     5 |       |       |       |       |       ||     5
       Demon whip        |       |       |       |   362 |  1288 |  1104 |  1814 |   874 ||  5442
       Eveningstar       |       |       |       |       |       |    31 |    46 |     9 ||    86
 Fire: Sling             |       |       |       |    79 |    97 |       |       |       ||   176
       Hand crossbow     |       |       |       |       |       |     6 |    11 |       ||    17
Throw: Dart              |     2 |    15 |    59 |    35 |     5 |       |     2 |       ||   118
       Boomerang         |       |       |       |    24 |    55 |   103 |    64 |   104 ||   350
       Javelin           |       |       |       |     2 |       |    20 |    31 |    11 ||    64
Invok: Heroism           |       |       |       |    18 |    22 |    22 |    25 |    17 ||   104
       Finesse           |       |       |       |     5 |     2 |     5 |     8 |     2 ||    22
Evoke: Wand              |       |       |     1 |     6 |       |       |     1 |       ||     8
       Condenser vane    |       |       |       |       |       |       |     1 |       ||     1
  Use: Potion            |       |     2 |       |     2 |       |    16 |     2 |     2 ||    24
       Scroll            |       |       |     8 |    11 |    14 |    14 |    12 |     1 ||    60
 Stab: Invisible         |       |       |       |     2 |       |       |       |       ||     2
       Held in net/web   |       |       |       |       |       |       |     1 |       ||     1
Armor: Scale mail        |    26 |    38 |       |       |       |       |       |       ||    64
       Chain mail        |       |    18 |    72 |   101 |   460 |    20 |       |       ||   671
       Plate armour      |       |       |       |       |       |   590 |   531 |   232 ||  1353
Dodge: Dodged            |    35 |    45 |    57 |   106 |   416 |   326 |   442 |   185 ||  1612
Block: Buckler           |    19 |    20 |    35 |   121 |   435 |       |       |       ||   630
       Reflection        |       |       |       |     2 |    53 |    26 |    60 |    10 ||   151
       Tower shield      |       |       |       |       |   283 |  1479 |  2127 |   967 ||  4856
       Other             |       |       |       |       |     2 |       |       |       ||     2
